 Dungeon Crawl Stone Soup version 0.25-a0-424-g80bd347ae0 (webtiles) character file.

Game seed: 10282198078684749953, levelgen mode: deterministic

34 Nattfarinn the Caller (level 3, -1/20 HPs)
             Began as a Tengu Summoner on Jan 23, 2020.
             Slain by a worm (10 damage)
             ... on level 2 of the Dungeon.
             The game lasted 00:03:21 (1893 turns).

Nattfarinn the Caller (Tengu Summoner)              Turns: 1893, Time: 00:03:22

Health: -1/20      AC:  2    Str:  9    XL:     3   Next: 31%
Magic:  16/16      EV: 13    Int: 15    God:
Gold:   76         SH:  0    Dex: 14    Spells: 3/6 levels left

rFire    . . .     SeeInvis .   k - +0 dagger
rCold    . . .     Gourm    .   (no shield)
rNeg     . . .     Faith    .   a - +0 robe
rPois    .         Spirit   .   (helmet restricted)
rElec    .         Reflect  .   (no cloak)
rCorr    .         Harm     .   (no gloves)
MR       +....                  (boots unavailable)
Stlth    ++........             (no amulet)
HPRegen  0.06/turn              d - ring of protection from magic
MPRegen  0.15/turn              e - ring of magical power

@: no status effects
A: beak, talons 3
a: no special abilities


You were on level 2 of the Dungeon.
You were not hungry.

You visited 1 branch of the dungeon, and saw 2 of its levels.

You collected 76 gold pieces.

Inventory:

Hand Weapons
 k - a +0 dagger (weapon)
Armour
 a - a +0 robe (worn)
Jewellery
 d - a ring of protection from magic (left hand)
 e - a ring of magical power (right hand)
Scrolls
 g - a scroll of teleportation {unknown}
 h - 2 scrolls of blinking {unknown}
 i - 2 scrolls of remove curse {unknown}
Potions
 b - a potion of ambrosia {unknown}
 f - a potion of mutation {unknown}
 j - a potion of might {unknown}
Comestibles
 c - 3 rations
 l - a chunk of flesh


   Skills:
 + Level 0.9 Fighting
 + Level 1.0 Armour
 + Level 2.6 Dodging
 - Level 2.0 Stealth
 + Level 2.2 Spellcasting
 * Level 5.2 Summonings


You had 3 spell levels left.
You knew the following spells:

 Your Spells              Type           Power        Failure   Level  Hunger
a - Summon Small Mammal   Summ           ###.         2%          1    #......
b - Call Imp              Summ           ###.....     3%          2    ###....

Your spell library contained the following spells:

 Spells                   Type           Power        Failure   Level  Hunger
 Call Canine Familiar     Summ           ###.....     8%          3    ###....
 Summon Guardian Golem    Hex/Summ       #.......     22%         3    ###....
 Summon Ice Beast         Ice/Summ       #.......     58%         4    #####..
 Summon Lightning Spire   Summ/Air       #.......     58%         4    #####..


Dungeon Overview and Level Annotations

Branches:
Dungeon (2/15)

Altars:


Innate Abilities, Weirdness & Mutations

You have a beak for a mouth.
You have claws for feet.


Message History

You see here a jackal skeleton.
There is a stone staircase leading down here.
You climb downwards. 2 worms and a hobgoblin come into view.
Found a scroll labeled NAINUS PEFAPE, 22 stones and a club.
Found an escape hatch in the ceiling.
There is a stone staircase leading up here.
The helpless worm fails to defend itself.
You hit the worm. You peck the worm, but do no damage.
The worm is moderately wounded.
The hobgoblin shouts!
You hit the worm but do no damage. You peck the worm.
The worm is heavily wounded.
The hobgoblin misses you. The worm bites you!
Ouch! That really hurt!
You hit the worm but do no damage. You claw the worm.
The worm is severely wounded.
The hobgoblin completely misses you. The worm bites you!
Ouch! That really hurt!
You die...

#######
#....)#
#.....#
#...(.####
#...?....#
#.g@w....#
#........#
.......w...+
.[...(
######....<.#
.....b
#......#
....##
########
....# ....#
#####


You could see 2 worms and a hobgoblin.

Vanquished Creatures
  2 dart slugs (D:1)
  A leopard gecko (D:1)
  A bat (D:1)
  2 giant cockroaches (D:1)
  5 goblins (D:1)
  2 hobgoblins (D:1)
  A jackal (D:1)
  3 kobolds (D:1)
  2 frilled lizards (D:1)
  4 rats (D:1)
  2 plants (D:1)
25 creatures vanquished.

Vanquished Creatures (collateral kills)
  2 hobgoblins (D:1)
  A ball python (D:1)
  2 kobolds (D:1)
5 creatures vanquished.

Grand Total: 30 creatures vanquished

Notes
Turn   | Place    | Note
-------+----------+-------------------------------------------
     0 | D:1      | Nattfarinn the Tengu Summoner began the quest for the Orb.
     0 | D:1      | Reached XP level 1. HP: 10/10 MP: 4/4
   346 | D:1      | Reached skill level 5 in Summonings
   372 | D:1      | Reached XP level 2. HP: 13/16 MP: 6/6
   524 | D:1      | Learned a level 2 spell: Call Imp
  1212 | D:1      | Reached XP level 3. HP: 10/20 MP: 7/7
  1494 | D:1      | Reached skill level 1 in Armour
  1893 | D:2      | Slain by a worm

Levels and vault maps discovered:
D:1:      minmay_arrival_four_loops, layout_rooms, serial_forest,
          infiniplex_forest_zigzag_2, infiniplex_forest_lined_corner,
          infiniplex_forest_lined_ring, infiniplex_forest_end_2,
          infiniplex_forest_clump_tiny, infiniplex_forest_clump_C
D:2:      layout_basic, lemuel_crystal_altar, first_ration

Skill      XL: |  1  2  3 |
---------------+----------+-----
Summonings     | 5 |  5.2
Armour         | 1 |  1.0
Fighting       | |  0.9
Dodging        | |  2.6
Stealth        | |  2.0
Spellcasting   | |  2.2

Action                   || total
-------------------------++-------
Melee: Unarmed           ||    42
       Kick              ||    69
       Peck              ||    34
       Dagger            ||   137
 Cast: Summon Small Mamm ||    13
       Call Imp          ||     1
 Stab: Sleeping          ||     1
  Eat: Chunk             ||     4
Armor: Robe              ||    12
Dodge: Dodged            ||    56

Table legend:
 A = Non-vault XP
 B = Vault XP
 C = Vault XP percentage of total XP
 D = Non-vault monster count
 E = Vault monster count
 F = Vault count percentage of total count
                 A         B        C        D         E       F
            +---------+---------+-------+---------+---------+-------
      Total |      49 |       0 |   0.0 |      28 |       0 |   0.0
            +---------+---------+-------+---------+---------+-------
        D:1 |      49 |       0 |   0.0 |      28 |       0 |   0.0
            +---------+---------+-------+---------+---------+-------
